 Dungeon Crawl Stone Soup version 0.26.0-45-g9c1d065592 (webtiles) character file.

Game seed: 12168637415130783165

23765 kaeus the Thaumaturge (level 13, -2/98 HPs)
             Began as a Gnoll Venom Mage on Jan 31, 2021.
             Was a Priest of Ashenzari.
             Slain by an orc warlord
             ... wielding a +1 great mace
              (33 damage)
             ... on level 2 of the Orcish Mines.
             The game lasted 00:21:12 (13014 turns).

kaeus the Thaumaturge (Gnoll Venom Mage)           Turns: 13014, Time: 00:21:13

Health: -2/98      AC: 12    Str:  9    XL:     13   Next: 8%
Magic:  21/35      EV: 18    Int: 18    God:    Ashenzari [***...]
Gold:   772        SH:  0    Dex: 16    Spells: 12/30 levels left

rFire    + + +     SeeInvis +   C - +9 lance "Wyrmbane" {slay drac, rPois rF+ rC+ AC+3} (curse)
rCold    x . .     Faith    .   (no shield)
rNeg     + + .     Spirit   .   f - +3 salamander hide armour {Flames rF++ rC--} (curse)
rPois    +         Reflect  .   I - +0 helmet
rElec    .         Harm     .   (no cloak)
rCorr    .         Rampage  .   E - +0 pair of gloves
Will     +....                  (no boots)
Stlth    ++++......             q - amulet of inaccuracy (curse)
HPRegen  0.26/turn              J - ring of Xaohayts {rPois Will+ Str+3}
MPRegen  0.24/turn              D - ring "Zerghek" {+Fly rN++ MP+9 Str-5 Int-4} (curse)

@: radiating poison
A: distributed training, fangs 1, strong nose
a: Renounce Religion, Evoke Flight, Curse Item, Scrying


You were on level 2 of the Orcish Mines.
You worshipped Ashenzari.
Ashenzari was most pleased with you.
You visited 2 branches of the dungeon, and saw 12 of its levels.
You also visited: Ossuary.

You collected 1129 gold pieces.
You spent 357 gold pieces at shops.

Inventory:

Hand Weapons
 h - a +3 dagger of protection
 C - the cursed +9 lance "Wyrmbane" (weapon) {slay drac, rPois rF+ rC+ AC+3}
   (You took it off Maggie on level 6 of the Dungeon)

   It affects your AC (+3).
   It protects you from fire.
   It protects you from cold.
   It protects you from poison.
   It has a curse placed upon it.
Armour
 f - the cursed +3 salamander hide armour (worn) {Flames rF++ rC--}
   (You found it on level 4 of the Dungeon)

   It greatly protects you from fire.
   It makes you very vulnerable to cold.
   It has a curse placed upon it.
 E - a +0 pair of gloves (worn)
 I - a +0 helmet (worn)
Magical Staves
 N - a cursed staff of poison
Jewellery
 q - a cursed amulet of inaccuracy (around neck)
 w - an uncursed ring of positive energy
 B - an uncursed ring of stealth
 D - the cursed ring "Zerghek" (right hand) {+Fly rN++ MP+9 Str-5 Int-4}
   (You bought it in a shop on level 7 of the Dungeon)

   [ring of magical power]

   It affects your strength (-5).
   It affects your intelligence (-4).
   It greatly protects you from negative energy.
   It affects your magic capacity (+9).
   It lets you fly.
   It has a curse placed upon it.
 G - an uncursed ring of protection from fire
 J - the ring of Xaohayts (left hand) {rPois Will+ Str+3}
   (You took it off a gnoll on level 9 of the Dungeon)

   [ring of willpower]

   It affects your strength (+3).
   It protects you from poison.
   It affects your willpower, your defense against some magical effects.
Wands
 b - a wand of enslavement (8)
 m - a wand of iceblast (24)
 n - a wand of digging (7)
 o - a wand of polymorph (7)
 v - a wand of random effects (14)
 z - a wand of disintegration (26)
 A - a wand of acid (7)
 F - a wand of paralysis (6)
 O - a wand of flame (23)
Scrolls
 a - 2 scrolls of enchant armour {unknown}
 c - 9 scrolls of teleportation
 j - 4 scrolls of remove curse
 s - a scroll of immolation
 t - a scroll of identify
 H - 3 scrolls of blinking {unknown}
 K - a scroll of torment {unknown}
 L - a scroll of magic mapping
Potions
 e - 9 potions of curing
 g - 5 potions of magic
 i - 6 potions of heal wounds
 k - 2 potions of cancellation {unknown}
 l - 7 potions of haste
 p - 2 potions of lignification {unknown}
 r - a potion of brilliance {unknown}
 u - a potion of berserk rage {unknown}
 x - 3 potions of mutation {unknown}
 M - 2 potions of might {unknown}
 P - a potion of flight {unknown}


   Skills:
 + Level 7.9 Fighting
 + Level 7.9 Short Blades
 + Level 7.9 Long Blades
 + Level 7.9 Axes
 + Level 7.9 Maces & Flails
 + Level 7.9(10.8) Polearms
 + Level 7.9 Staves
 + Level 7.9 Slings
 + Level 7.9 Bows
 + Level 7.9 Crossbows
 + Level 7.9 Throwing
 + Level 7.9 Armour
 + Level 9.2 Dodging
 + Level 9.0 Stealth
 + Level 7.9 Shields
 + Level 7.9 Unarmed Combat
 + Level 9.4 Spellcasting
 + Level 6.6(8.5) Conjurations
 + Level 6.6(8.5) Hexes
 + Level 6.6(8.5) Summonings
 + Level 6.6(8.5) Necromancy
 + Level 6.6(8.5) Translocations
 + Level 7.0(9.0) Transmutations
 + Level 6.6(8.5) Fire Magic
 + Level 6.6(8.5) Ice Magic
 + Level 6.6(8.5) Air Magic
 + Level 6.6(8.5) Earth Magic
 + Level 8.7(10.5) Poison Magic
 + Level 8.7 Invocations
 + Level 7.9(9.8) Evocations


You had 12 spell levels left.
You knew the following spells:

 Your Spells              Type           Power        Failure   Level
a - Sting                 Tmut/Pois      100%         1%          1
b - Olgreb's Toxic Radia  Pois           46%          1%          4
c - Ignite Poison         Fire/Tmut/Pois 59%          1%          3
d - Mephitic Cloud        Conj/Pois/Air  41%          1%          3
e - Summon Lightning Spi  Summ/Air       39%          3%          4
f - Summon Guardian Gole  Hex/Summ       39%          1%          3

Your spell library contained the following spells:

 Spells                   Type           Power        Failure   Level
 Animate Skeleton         Necr           78%          1%          1
 Pain                     Necr           100%         1%          1
 Summon Small Mammal      Summ           100%         1%          1
 Call Imp                 Summ           39%          1%          2
 Poisonous Vapours        Pois/Air       84%          1%          2
 Call Canine Familiar     Summ           39%          1%          3
 Vampiric Draining        Necr           19%          1%          3
 Animate Dead             Necr           19%          3%          4
 Summon Ice Beast         Ice/Summ       39%          3%          4
 Agony                    Necr           39%          9%          5


Dungeon Overview and Level Annotations

Branches:
Dungeon (10/15)            Temple (0/1) D:7            Lair (0/6) D:9
    Orc (2/2) D:10            Elf (0/3) Orc:2       Ossuary (visited)

Altars:
Ashenzari
Dithmenos
Elyvilon
Fedhas
Okawaru
Ru
Trog
Uskayaw
Wu Jian
Beogh

Shops:
D:7 ==*   Orc:2 =([


Innate Abilities, Weirdness & Mutations

Your experience applies equally to all skills.
You have very sharp teeth.
Your uncanny sense of smell can sniff out nearby items.


Message History

You feel a surge of power!
You ignite the poison in your surroundings!
The orc warlord seems to burn from within!!
The orc warlord is heavily wounded.
The orc sorcerer seems to burn from within!!!!
You kill the orc sorcerer!
The orc knight seems to burn from within!!!
You kill the orc knight!
The orc warlord is poisoned.
The orc warlord is engulfed in blazing flames.
The orc warlord misses you.
An ogre comes into view. It is wielding a +0 giant spiked club.
Your base Transmutations skill increases to level 7!
You barely miss the orc warlord.
You bite the orc warlord, but do no damage.
The orc warlord is severely wounded.
The ogre is poisoned.
The orc warlord is engulfed in blazing flames.
The orc warlord hits you with a +1 great mace!!
You die...

##...#.#######.###### ##.###.##
#...........#.......## #...#...#
##...................#####.#.#.##
#....................##.#.......#
#............................#.##
##..........[...............>.##
#........∩)....#..........##...#
##..P....[8....#°§.......####.##
#.........[[..o@°...##.## ###
##.........[..)☼○°#...###
#...............)..#.## *
##..................##
###.............#.## *
#....##.#...)####
###..##......O##.##
##.#...............### ###
#...........).....##.### #.##


You could see an orc warlord (poisoned) and an ogre (poisoned).

Vanquished Creatures
  2 orc warlords (Orc:2)
  A catoblepas (D:10)
  2 two-headed ogres
  3 orc high priests (Orc:2)
  4 orc knights (Orc:2)
  Pikel (D:6)
  7 orc sorcerers
  Joseph (D:8)
  Maggie (D:6)
  5 trolls
  Sigmund (D:5)
  2 wraiths (Ossuary)
  3 yaks (D:9)
  6 wargs (Orc:2)
  25 orc warriors
  A water moccasin (D:7)
  2 sky beasts
  A phantom (D:7)
  A black bear (D:9)
  4 ice beasts (D:7)
  17 ogres
  6 centaurs
  4 lemures (D:6)
  A gnoll sergeant (D:9)
  7 bullfrogs
  3 scorpions
  4 wights (Ossuary)
  11 killer bees
  8 howler monkeys
  A quasit (D:8)
  A centaur zombie (D:9)
  A jelly (D:6)
  2 bullfrog zombies (D:5)
  A gnoll shaman (D:9)
  4 hounds
  2 iguanas (D:8)
  11 orc priests
  2 bullfrog skeletons
  2 centaur skeletons
  14 orc wizards
  Terence (D:3)
  5 worker ants
  A hound zombie (D:7)
  A hound skeleton (D:4)
  A worker ant zombie (D:8)
  A howler monkey skeleton (D:7)
  9 gnolls
  7 adders
  2 shadow imps
  3 white imps
  4 ufetubi
  An ooze (D:4)
  3 adder zombies
  3 adder skeletons
  2 worms
  A dart slug (D:3)
  4 leopard geckos
  102 orcs
  2 ball pythons
  7 giant cockroaches
  4 goblins
  18 hobgoblins
  6 jackals
  5 quokkas
  2 ball python skeletons (Ossuary)
  4 bats
  8 frilled lizards
  3 hobgoblin zombies (Ossuary)
  23 kobolds
  A kobold zombie (Ossuary)
  A leopard gecko zombie (D:5)
  5 rats
415 creatures vanquished.

Vanquished Creatures (collateral kills)
  2 orc knights (Orc:2)
2 creatures vanquished.

Vanquished Creatures (others)
  19 fungi (Orc:2)
  41 plants (D:9)
60 creatures vanquished.

Grand Total: 477 creatures vanquished

Notes
Turn   | Place    | Note
-------+----------+-------------------------------------------
     0 | D:1      | kaeus the Gnoll Venom Mage began the quest for the Orb.
     0 | D:1      | Reached XP level 1. HP: 13/13 MP: 6/6
   299 | D:1      | Reached XP level 2. HP: 11/19 MP: 4/7
   905 | D:1      | Reached XP level 3. HP: 23/25 MP: 5/9
  1017 | D:1      | Reached skill level 5 in Spellcasting
  1685 | D:2      | Reached skill level 1 in Invocations
  1804 | D:2      | Reached skill level 1 in Fighting
  1804 | D:2      | Reached skill level 1 in Short Blades
  1804 | D:2      | Reached skill level 1 in Long Blades
  1804 | D:2      | Reached skill level 1 in Axes
  1804 | D:2      | Reached skill level 1 in Maces & Flails
  1804 | D:2      | Reached skill level 1 in Polearms
  1804 | D:2      | Reached skill level 1 in Staves
  1804 | D:2      | Reached skill level 1 in Slings
  1804 | D:2      | Reached skill level 1 in Bows
  1804 | D:2      | Reached skill level 1 in Crossbows
  1804 | D:2      | Reached skill level 1 in Throwing
  1804 | D:2      | Reached skill level 1 in Armour
  1804 | D:2      | Reached skill level 1 in Shields
  1804 | D:2      | Reached skill level 1 in Unarmed Combat
  1804 | D:2      | Reached skill level 1 in Evocations
  2289 | D:2      | Found an iron altar of Okawaru.
  2435 | D:3      | Reached XP level 4. HP: 32/32 MP: 7/11
  2508 | D:3      | Learned a level 4 spell: Olgreb's Toxic Radiance
  2512 | D:3      | Learned a level 3 spell: Ignite Poison
  2516 | D:3      | Learned a level 3 spell: Mephitic Cloud
  2530 | D:3      | Reached skill level 1 in Conjurations
  2530 | D:3      | Reached skill level 1 in Hexes
  2530 | D:3      | Reached skill level 1 in Summonings
  2530 | D:3      | Reached skill level 1 in Necromancy
  2530 | D:3      | Reached skill level 1 in Translocations
  2530 | D:3      | Reached skill level 1 in Fire Magic
  2530 | D:3      | Reached skill level 1 in Ice Magic
  2530 | D:3      | Reached skill level 1 in Air Magic
  2530 | D:3      | Reached skill level 1 in Earth Magic
  2531 | D:3      | Noticed Terence
  2731 | D:3      | Killed Terence
  2732 | D:3      | Reached XP level 5. HP: 27/37 MP: 4/12
  3563 | D:4      | Found the +3 salamander hide armour {Flames rF++ rC--}
  3768 | D:4      | Found a hide-covered altar of Uskayaw.
  3934 | D:4      | Found a shadowy altar of Dithmenos.
  4039 | D:4      | Reached XP level 6. HP: 43/44 MP: 11/13
  4270 | D:5      | Entered Level 5 of the Dungeon
  4276 | D:5      | Reached skill level 5 in Dodging
  4460 | D:5      | Noticed Sigmund
  4466 | D:5      | Killed Sigmund
  4467 | D:5      | Reached XP level 7. HP: 42/51 MP: 15/15
  4637 | D:5      | Reached skill level 5 in Stealth
  4781 | D:5      | Found a bloodstained altar of Trog.
  4781 | D:5      | Found a white marble altar of Elyvilon.
  4924 | D:5      | Found an ornate altar of the Wu Jian Council.
  4931 | D:5      | Noticed a spectral centipede
  4931 | D:5      | Noticed a spectral black mamba
  4931 | D:5      | Noticed a spectral cane toad
  5211 | D:6      | Found a blossoming altar of Fedhas.
  5212 | D:6      | Noticed Pikel
  5223 | D:6      | Killed Pikel
  5224 | D:6      | Reached XP level 8. HP: 47/58 MP: 1/17
  5475 | D:6      | Found a broken altar of Ashenzari.
  5487 | D:6      | Became a worshipper of Ashenzari the Shackled
  5817 | D:6      | Reached XP level 9. HP: 65/65 MP: 12/18
  6106 | D:6      | Noticed Maggie
  6120 | D:6      | Killed Maggie
  6570 | D:7      | Found a staircase to the Ecumenical Temple.
  6667 | D:7      | Found a sand-covered staircase.
  6674 | Ossuary  | Entered an ossuary
  7098 | D:7      | Reached skill level 5 in Invocations
  7999 | D:7      | Reached XP level 10. HP: 73/73 MP: 20/20
  8048 | D:7      | Found Qusivo Qyikh's General Store.
  8228 | D:7      | Found Kilaklim's Jewellery Shoppe.
  8300 | D:7      | Found Kuyperug's Jewellery Boutique.
  8303 | D:7      | Bought an uncursed ring of see invisible for 150 gold
                  | pieces
  8303 | D:7      | Bought the ring "Zerghek" {+Fly rN++ MP+9 Str-5 Int-4} for
                  | 207 gold pieces
  8570 | D:8      | Noticed a two-headed ogre
  8575 | D:8      | Killed a two-headed ogre
  8576 | D:8      | Reached skill level 5 in Fighting
  8576 | D:8      | Reached skill level 5 in Short Blades
  8576 | D:8      | Reached skill level 5 in Long Blades
  8576 | D:8      | Reached skill level 5 in Axes
  8576 | D:8      | Reached skill level 5 in Maces & Flails
  8576 | D:8      | Reached skill level 5 in Polearms
  8576 | D:8      | Reached skill level 5 in Staves
  8576 | D:8      | Reached skill level 5 in Slings
  8576 | D:8      | Reached skill level 5 in Bows
  8576 | D:8      | Reached skill level 5 in Crossbows
  8576 | D:8      | Reached skill level 5 in Throwing
  8576 | D:8      | Reached skill level 5 in Armour
  8576 | D:8      | Reached skill level 5 in Shields
  8576 | D:8      | Reached skill level 5 in Unarmed Combat
  8576 | D:8      | Reached skill level 5 in Evocations
  8604 | D:8      | Found a roughly hewn altar of Beogh.
  8778 | D:8      | Reached * piety under Ashenzari
  8862 | D:8      | Noticed Joseph
  8871 | D:8      | Killed Joseph
  8872 | D:8      | Reached skill level 5 in Transmutations
  9528 | D:9      | Found a sacrificial altar of Ru.
  9612 | D:9      | Reached ** piety under Ashenzari
  9933 | D:9      | Reached XP level 11. HP: 77/81 MP: 22/22
 10069 | D:9      | Found a staircase to the Lair.
 10098 | D:9      | Identified the ring of Xaohayts {rPois Will+ Str+3}
 10122 | D:9      | Reached skill level 5 in Conjurations
 10122 | D:9      | Reached skill level 5 in Hexes
 10122 | D:9      | Reached skill level 5 in Summonings
 10122 | D:9      | Reached skill level 5 in Necromancy
 10122 | D:9      | Reached skill level 5 in Translocations
 10122 | D:9      | Reached skill level 5 in Fire Magic
 10122 | D:9      | Reached skill level 5 in Ice Magic
 10122 | D:9      | Reached skill level 5 in Air Magic
 10122 | D:9      | Reached skill level 5 in Earth Magic
 10198 | D:9      | Learned a level 4 spell: Summon Lightning Spire
 10204 | D:9      | Learned a level 3 spell: Summon Guardian Golem
 10701 | D:10     | Entered Level 10 of the Dungeon
 10834 | D:10     | Noticed a two-headed ogre
 10840 | D:10     | Killed a two-headed ogre
 10844 | D:10     | Noticed a catoblepas
 10858 | D:10     | Killed a catoblepas
 10992 | D:10     | Reached *** piety under Ashenzari
 11436 | D:10     | Found a roughly hewn altar of Beogh.
 11441 | D:10     | Found a staircase to the Orcish Mines.
 11561 | Orc:1    | Entered Level 1 of the Orcish Mines
 11566 | Orc:1    | Noticed an orc sorcerer
 11571 | Orc:1    | Noticed an orc sorcerer
 11573 | Orc:1    | Killed an orc sorcerer
 11577 | Orc:1    | Killed an orc sorcerer
 11930 | Orc:2    | Entered Level 2 of the Orcish Mines
 11930 | Orc:2    | Found Tumpuqirr's Antique Weapon Shoppe.
 11930 | Orc:2    | Noticed an orc high priest
 11931 | Orc:2    | Noticed an orc knight
 11933 | Orc:2    | Noticed a sixfirhy
 11935 | Orc:2    | Killed an orc high priest
 11939 | Orc:2    | Killed an orc knight
 11940 | Orc:2    | Reached XP level 12. HP: 89/89 MP: 18/24
 12048 | Orc:2    | Found a staircase to the Elven Halls.
 12101 | Orc:2    | Found a roughly hewn altar of Beogh.
 12206 | Orc:2    | Found Sege's Jewellery Emporium.
 12206 | Orc:2    | Noticed an orc high priest
 12212 | Orc:2    | Killed an orc high priest
 12352 | Orc:2    | Found Vafeapn's Antique Armour Shoppe.
 12352 | Orc:2    | Noticed an orc warlord
 12353 | Orc:2    | Noticed an orc high priest
 12356 | Orc:2    | Noticed a sun demon
 12357 | Orc:2    | Noticed a sun demon
 12359 | Orc:2    | Killed an orc high priest
 12374 | Orc:2    | Killed an orc warlord
 12699 | Orc:2    | Noticed an orc warlord
 12711 | Orc:2    | Killed an orc warlord
 12715 | Orc:2    | Noticed an orc warlord
 12721 | Orc:2    | Reached XP level 13. HP: 77/98 MP: 5/26
 13014 | Orc:2    | Slain by an orc warlord

Illustrated notes

Levels and vault maps discovered:
D:1:      minmay_arrival_floating_metal, layout_basic, minmay_ruptured
D:2:      layout_basic, nicolae_overflow_crystal_walls
D:3:      layout_rooms, uniq_terence
D:4:      layout_cave_pools, eat_drink_and_be_merry_uskayaw,
          chequers_hall_statues_y, minmay_misc_feat_plants,
          grunt_dithmenos_smoke
D:5:      layout_loops_ring, pdpol_wu_jian_five_deadly_venoms,
          gammafunk_temple_overflow_statue, kennysheep_cluttered_room,
          minmay_chambers_of_fives, uniq_sigmund
D:6:      layout_basic, old_standard_altar, basic_altar, uniq_maggie, uniq_pikel
D:7:      layout_basic, minmay_temple_entry_sparse_star,
          chequers_ossuary_entry_cave, serial_shops, shop,
          nicolae_shop_behind_doors, kennysheep_mini, kennysheep_generic_room_6
D:8:      layout_basic, special_room [special_room_orc], uniq_joseph
D:9:      kennysheep_housing_project, layout_gridville, lair_entry_dummy,
          basic_altar
D:10:     layout_basic, david_orc_5, amcnicky_mini_corridor_feature
Orc:1:    layout_diamond_mine
Orc:2:    grunt_orc_gardens, layout_caves, grunt_orc_garden, grunt_orc_garden,
          grunt_orc_garden, grunt_orc_garden, basic_altar, minmay_orc_treasury

Skill      XL: |  1  2  3  4  5  6  7  8  9 10 11 12 13 |
---------------+----------------------------------------+-----
Transmutations | 2 3 4 5 6 7 |  7.0
Spellcasting   | 5 6 7 8 9 |  9.4
Invocations    | 1 2 3 4 5 6 7 8 |  8.7
Fighting       | 1 2 3 4 5 6 7 |  7.9
Short Blades   | 1 2 3 4 5 6 7 |  7.9
Long Blades    | 1 2 3 4 5 6 7 |  7.9
Axes           | 1 2 3 4 5 6 7 |  7.9
Maces & Flails | 1 2 3 4 5 6 7 |  7.9
Polearms       | 1 2 3 4 5 6 7 |  7.9
Staves         | 1 2 3 4 5 6 7 |  7.9
Slings         | 1 2 3 4 5 6 7 |  7.9
Bows           | 1 2 3 4 5 6 7 |  7.9
Crossbows      | 1 2 3 4 5 6 7 |  7.9
Throwing       | 1 2 3 4 5 6 7 |  7.9
Armour         | 1 2 3 4 5 6 7 |  7.9
Shields        | 1 2 3 4 5 6 7 |  7.9
Unarmed Combat | 1 2 3 4 5 6 7 |  7.9
Evocations     | 1 2 3 4 5 6 7 |  7.9
Conjurations   | 1 2 3 4 5 6 |  6.6
Hexes          | 1 2 3 4 5 6 |  6.6
Summonings     | 1 2 3 4 5 6 |  6.6
Necromancy     | 1 2 3 4 5 6 |  6.6
Translocations | 1 2 3 4 5 6 |  6.6
Fire Magic     | 1 2 3 4 5 6 |  6.6
Ice Magic      | 1 2 3 4 5 6 |  6.6
Air Magic      | 1 2 3 4 5 6 |  6.6
Earth Magic    | 1 2 3 4 5 6 |  6.6
Dodging        | 5 6 7 8 9 |  9.2
Stealth        | 5 6 7 8 9 |  9.0
Poison Magic   | 6 7 8 |  8.7

Action                   |  1- 3 |  4- 6 |  7- 9 | 10-12 | 13-15 || total
-------------------------+-------+-------+-------+-------+-------++-------
Melee: Dagger            |    55 |    37 |    17 |       |       ||   109
       Unarmed           |     3 |       |       |       |       ||     3
       Bite              |     2 |     3 |     3 |     5 |     1 ||    14
       Lance             |       |       |    23 |   130 |     1 ||   154
 Cast: Sting             |    55 |    37 |    33 |       |       ||   125
       Olgreb's Toxic Ra |       |     4 |     5 |    53 |     3 ||    65
       Ignite Poison     |       |     2 |     1 |    18 |     1 ||    22
       Mephitic Cloud    |       |       |     1 |     1 |       ||     2
       Summon Lightning  |       |       |       |     1 |       ||     1
Invok: Curse Item        |       |       |     2 |     1 |       ||     3
  Use: Scroll            |       |     5 |     5 |     5 |       ||    15
 Stab: Sleeping          |       |       |     1 |     7 |       ||     8
       Distracted        |       |       |       |     1 |       ||     1
Armor: Robe              |     4 |     4 |       |       |       ||     8
       Leather armour    |       |     2 |    12 |    32 |       ||    46
Dodge: Dodged            |    35 |    45 |    33 |    94 |     4 ||   211
